 Dungeon Crawl Stone Soup version 0.21.1-1-g345015f (webtiles) character file.

1345114 dstrtn the Imperceptible (level 25, 131/131 HPs)
             Began as a Spriggan Enchanter on Mar 14, 2018.
             Was an Initiate of Gozag.
             Escaped with the Orb
             ... and 3 runes on Mar 16, 2018!
             The game lasted 09:18:37 (107662 turns).

dstrtn the Imperceptible (Spriggan Enchanter)     Turns: 107662, Time: 09:18:38

Health: 131/131    AC: 15    Str: 10    XL:     25   Next: 39%
Magic:  54/54      EV: 40    Int: 25    God:    Gozag
Gold:   6365       SH:  0    Dex: 25    Spells: 2/64 levels left

rFire    + . .     SeeInvis +   w - staff of power {!a}
rCold    + + +     Gourm    .   (shield currently unavailable)
rNeg     . . .     Faith    .   y - +2 faerie dragon scales {rC+ rCorr MP-9 Dex+9}
rPois    +         Spirit   +   U - +2 hat {MR+}
rElec    .         Reflect  .   x - +2 cloak {MR+}
rCorr    +         Harm     .   (gloves unavailable)
MR       +++++                  (boots unavailable)
Stlth    ++++......             j - amulet of guardian spirit
HPRegen  0.31/turn              f - ring of protection from fire
MPRegen  0.34/turn              p - ring of Liberalism {rPois rC++ Str+5 Dex-5}

@: bribing [the Dungeon, the Realm of Zot], very quick
A: very small, unfitting armour, talons 1, thin skeletal structure 1, see
invisible, herbivore, speed 3, sense surroundings 1, slow metabolism 2,
MP-powered wands
0: Orb of Zot
}: 3/15 runes: serpentine, barnacled, slimy
a: Potion Petition, Call Merchant, Bribe Branch, Renounce Religion


You escaped.
You worshipped Gozag.
Gozag was greatly pleased with you.
You were very full.

You visited 10 branches of the dungeon, and saw 51 of its levels.
You also visited: Ossuary, Ice Cave and Wizlab.

You collected 31928 gold pieces.
You spent 10372 gold pieces at shops.
You paid 15191 gold pieces to Gozag.

Inventory:

Hand Weapons
 a - a +9 dagger of speed
Missiles
 u - 2 throwing nets (quivered) {!f}
Armour
 r - a +1 cloak
 x - a +2 cloak of magic resistance (worn)
 y - the +2 faerie dragon scales (worn) {rC+ rCorr MP-9 Dex+9}
   (You took it off the Enchantress on level 2 of the Depths)

   It affects your dexterity (+9).
   It protects you from cold.
   It affects your magic capacity (-9).
   It protects you from acid and corrosion.
 H - the -7 buckler "Lokomot" {rN+}
   (You bought it in a shop on level 4 of the Depths)

   It protects you from negative energy.
 U - a +2 hat of magic resistance (worn)
Magical Staves
 q - an uncursed staff of energy {!a}
 w - an uncursed staff of power (weapon) {!a}
Jewellery
 f - a ring of protection from fire (left hand)
 j - an amulet of guardian spirit (around neck)
 p - the ring of Liberalism (right hand) {rPois rC++ Str+5 Dex-5}
   (You found it on level 4 of the Shoals)

   [ring of poison resistance]

   It affects your strength (+5).
   It affects your dexterity (-5).
   It greatly protects you from cold.
   It protects you from poison.
 W - an uncursed ring of positive energy
Wands
 t - a wand of scattershot (3)
 C - a wand of acid (21)
 E - a wand of enslavement (23)
 G - a wand of clouds (9)
 I - a wand of iceblast (11)
 P - a wand of paralysis (108)
 V - a wand of digging (8)
Scrolls
 e - a scroll of teleportation
 h - 6 scrolls of fear
 k - 31 scrolls of remove curse {@r2}
 l - 7 scrolls of identify {@r1}
 o - 7 scrolls of vulnerability {!r}
 A - 7 scrolls of fog
 B - 3 scrolls of holy word
 D - 15 scrolls of immolation {!r}
 R - 2 scrolls of magic mapping
 S - 11 scrolls of blinking
 T - 5 scrolls of summoning {!r}
 Z - a scroll of silence {!r}
Potions
 g - 26 potions of curing {@q1}
 m - 2 potions of mutation {!q}
 n - 8 potions of heal wounds
 s - 6 potions of lignification {!q}
 z - a potion of magic {!q}
 F - 3 potions of invisibility
 K - 6 potions of agility
 M - 2 potions of cancellation {!q}
 N - 10 potions of ambrosia {!q}
 O - 2 potions of flight
 Q - 3 potions of brilliance
 X - 13 potions of might
 Y - 4 potions of haste {!q}
Miscellaneous
 b - a phantom mirror
 c - a fan of gales
 i - a lamp of fire
 J - a lightning rod (4/4) {!a}
 L - a phial of floods


   Skills:
 - Level 13.0 Fighting
 - Level 10.0 Short Blades
 - Level 6.6 Armour
 - Level 24.6 Dodging
 - Level 26.2 Stealth
 - Level 20.0 Spellcasting
 - Level 2.0 Conjurations
 - Level 12.0 Hexes
 - Level 12.0 Charms
 - Level 15.0 Summonings
 - Level 3.0 Translocations
 - Level 3.0 Transmutations
   Level 1.0 Fire Magic
 - Level 2.0 Ice Magic
 - Level 6.0 Air Magic
 - Level 1.0 Earth Magic
 - Level 1.0 Poison Magic
 + Level 23.1 Evocations


You had 2 spell levels left.
You knew the following spells:

 Your Spells              Type           Power        Failure   Level  Hunger
c - Confuse               Hex            ######..     1%          3    None
d - Deflect Missiles      Chrm/Air       ######....   10%         6    ##.....
h - Shadow Creatures      Summ           N/A          1%          6    ##.....
l - Blink                 Tloc           N/A          1%          2    None
m - Mephitic Cloud        Conj/Pois/Air  #####...     2%          3    None
p - Apportation           Tloc           #####.       1%          1    None
r - Regeneration          Chrm/Necr      ######....   1%          3    None
s - Ensorcelled Hibernat  Hex/Ice        ######       1%          2    None
w - Passwall              Tmut/Erth      #####.....   1%          2    None
x - Summon Lightning Spi  Summ/Air       ######..     1%          4    None
y - Yara's Violent Unrav  Hex/Tmut       ######....   3%          5    None
B - Summon Butterflies    Summ           #######.     0%          1    None
D - Darkness              Hex            ######....   3%          6    ##.....
H - Summon Hydra          Summ           #######...   4%          7    ####...
I - Invisibility          Hex            ######..     3%          6    ##.....
V - Summon Mana Viper     Hex/Summ       #######.     1%          5    None


Dungeon Overview and Level Annotations

Branches:
Dungeon (15/15)            Temple (1/1) D:5            Lair (6/6) D:8
 Shoals (4/4) Lair:2        Snake (4/4) Lair:3        Slime (5/5) Lair:6
    Orc (2/2) D:12            Elf (0/3) Orc:2        Vaults (4/5) D:14
  Crypt (0/3) Vaults:2     Depths (5/5) D:15            Zot (5/5) Depths:5

Altars:
Ashenzari
Cheibriados
Fedhas
Gozag
Kikubaaqudgha
Makhleb
Nemelex Xobeh
Okawaru
Sif Muna
Trog
Uskayaw
Vehumet
Wu Jian
Xom
Yredelemnul
Zin
Beogh
Jiyva

Shops:
D:5 :   D:6 [   D:10 [}?   Orc:2 =:   Shoals:3 (*   Snake:1 :   Vaults:4 [(
Depths:4 ([*

Portals:
Hell: Depths:1 Depths:2 Depths:3 Depths:4 Depths:5
Abyss: Depths:4
Pandemonium: Depths:2 Depths:3 Depths:4
Ziggurat: Depths:1

Annotations:
D:3 Ijyb, Natasha
D:7 exclusion: downstairs
D:13 exclusion: downstairs
Lair:1 exclusion: downstairs
Shoals:1 1 runed door
Shoals:2 exclusion: Roxanne, Roxanne
Depths:4 exclusion: upstairs


Innate Abilities, Weirdness & Mutations

You are very small and have problems with some larger weapons.
You are too small for most types of armour.
You have supernaturally acute eyesight. (SInv)
You are a herbivore.
You cover ground extremely quickly.
You need consume almost no food.
You have sharp toenails.
You have a somewhat thin skeletal structure. (Dex +2, Stealth)
You passively map a small area around you.
You expend magic power (3 MP) to strengthen your wands.


Message History

Unknown command.
Unknown command.
There is a stone staircase leading up here.
You climb upwards.
There is a stone staircase leading down here.
Unknown command.
Unknown command.
Unknown command.
A white imp, an Executioner, a Brimstone Fiend and a pandemonium lord come into view.
Do you want to bribe the denizens of the Dungeon?
Gozag spreads your bribe to the Dungeon!
Ykaick grins greedily, jangling a coin purse.
The Executioner stares, then turns away, jangling a coin purse.
The Brimstone Fiend stares, then turns away, jangling a coin purse.
Unknown command.
The white imp shouts, "Scamper home, thou obnoxious crook-pated dewberry!"
Ykaick hits the white imp.
There is a stone staircase leading up here.
Unknown command.
The white imp closely misses the Executioner.
An Orb Guardian comes into view.
Your Orb Guardian grins greedily, jangling a coin purse.
The Executioner hits the white imp.
The white imp dies!
Unknown command.
Unknown command.
You climb upwards.
Level annotation: Ijyb, Natasha
There is a stone staircase leading down here.
Unknown command.
Press: ? - help, v - describe, . - travel
Here: Ykaick (friendly)
The floor.
Unknown command.
Press: ? - help, v - describe, . - travel The floor.
This square is covered in magical glow.
You swap places.
Unknown command.
Press: ? - help, v - describe, . - travel The floor.
This square is covered in magical glow.
Press: ? - help, v - describe, . - travel
Here: Ykaick (friendly)
A stone staircase leading down.
A neqoxec comes into view.
Casting: Passwall
Confirm with . or Enter, or press ? or * to list all spells.
Aiming: Summon Lightning Spire
Press: ? - help, Dir - move target cursor An electric hum fills the air.
The neqoxec stares, then turns away, jangling a coin purse.
Unknown command.
There is a stone staircase leading up here.
You climb upwards.
There is a stone staircase leading down here.
Unknown command.
Unknown command.
You swap places.
A rust devil comes into view.
What are your orders? t - Shout!
Orders for allies: a - Attack new target. r - Retreat! s - Stop attacking. g - Guard the area. f - Follow me.
Anything else - Cancel.
Gang up on whom?
Press: ? - help, Dir - move target cursor, f - rust devil
Aim: a rust devil Attack!
Ykaick gestures.
Ykaick gestures.
Ykaick gestures.
Your hell beast bites the rust devil!!
Your hell beast barely misses the rust devil.
The rust devil hits Ykaick.
The rust devil corrodes Ykaick!
Your cacodemon closely misses the rust devil.
Your cacodemon hits the rust devil but does no damage.
Your hell beast bites the rust devil!!
Your hell beast tramples the rust devil!
The rust devil holds its ground!
The rust devil dies!
You swap places.
Ykaick is no longer covered in acid.
Some rock shatters into small pieces.
Your cacodemon disappears in a puff of smoke!
You see here a +0 robe.
You see here a scroll of noise {!r}.
Things that are here:
a helmet; a short sword
There is a stone staircase leading up here.
Your Ice Fiend disappears in a puff of smoke!
Your hell beast disappears in a puff of smoke!
You climb upwards.
There is a stone staircase leading down here.
Unknown command.
Unknown command.
You see here a club.
There is a staircase leading out of the dungeon here.
You have escaped!

.....###.###.##.# .....##.##
##.#.######
.....###.###.##......# .....#
##.#......###.# ##.#.#
#......)...#.# ##.#.#
#..#######.#.# ##.#.#
#..#.....#.#.# ##.#.#
#..#.##&...#.# .....#
#....#..@..#.# #).###
#....#....##.### #..#
####.##.#.#.(...#.########
#..###.......#.#######........#
#......#..##.#....##.#..#.###.#
##.#####.....####.......#.# #.#
#...# ##...#......##.#.##.# #.#
#...###....#..##.......##.# #.#
....#.............##......# #.#


You could see the friendly Ykaick.

Vanquished Creatures
  the Royal Jelly (Slime:5)
  A juggernaut (Depths:5)
  A golden dragon (Zot:4)
  A lich (Vaults:4)
  A tentacled monstrosity (Zot:4)
  Asterion (Depths:1)
  A sphinx (Vaults:3)
  7 acid blobs
  6 death cobs
  A tengu reaver (Vaults:3)
  5 azure jellies
  A nagaraja (Snake:4)
  Ilsuiw (Shoals:4)
  A fire giant (Depths:5)
  Kirke (D:15)
  11 draconian monks
  A frost giant (Depths:4)
  4 storm dragons
  6 draconian knights
  5 draconian scorchers
  An iron dragon (Depths:4)
  5 vault wardens
  4 draconian stormcallers
  25 very ugly things
  9 draconian shifters
  8 ironheart preservers
  11 draconian annihilators
  An entropy weaver (shapeshifter) (Depths:2)
  12 stone giants
  13 black draconians
  13 green draconians
  2 entropy weavers (Vaults:3)
  7 white draconians
  Azrael (D:12)
  9 purple draconians
  13 red draconians
  2 spark wasps (Depths:3)
  25 yellow draconians
  4 ettins
  3 merfolk impalers (Shoals:4)
  A merfolk javelineer (Shoals:4)
  6 death oozes (Slime:5)
  Josephine (D:11)
  13 fire dragons
  3 deep elf high priests (Depths:3)
  10 yaktaur captains
  6 great orbs of eyes
  A rakshasa (Vaults:2)
  A hydra (shapeshifter) (Vaults:2)
  11 ice dragons
  7 vault guards
  5 naga warriors
  Fannar (D:11)
  A spriggan air mage (Depths:5)
  4 centaur warriors
  5 anacondas
  2 satyrs
  2 merfolk aquamancers (Shoals:4)
  3 alligators (Lair:5)
  2 death knights
  10 ogre magi
  5 deep troll shamans
  38 two-headed ogres
  3 deep troll earth magi
  7 tengu warriors
  A queen ant (shapeshifter) (Vaults:3)
  3 orc high priests
  A spriggan berserker (Depths:3)
  The ghost of
  1994 the Summoner, a journeyman TeSu of Sif Muna (Lair:2)
  2 naga sharpshooters
  Urug (Lair:3)
  7 shock serpents
  A sun demon (Depths:3)
  Sonja (D:14)
  A fire crab (shapeshifter) (Vaults:3)
  5 hell knights (Depths:3)
  4 salamander mystics
  6 skeletal warriors
  25 sea snakes
  A quicksilver dragon simulacrum (Depths:3)
  17 deep trolls
  4 unseen horrors
  8 naga ritualists
  3 glowing orange brains
  2 flayed ghosts
  4 wizards
  A deep elf archer (Vaults:1)
  11 ironbrand convokers
  An orb spider (shapeshifter) (Vaults:3)
  9 harpies
  A lindwurm (shapeshifter) (Vaults:2)
  A necromancer (Depths:3)
  13 orc knights
  2 oklob plants (Zot:1)
  3 mana vipers
  2 shining eyes
  5 deep elf magi
  5 orc sorcerers
  41 ugly things
  A wolf spider (Vaults:1)
  A cyclops (shapeshifter) (Vaults:1)
  19 manticores
  4 elephants
  9 cyclopes
  9 salamanders
  8 fauns
  11 merfolk sirens
  3 centaur zombies
  14 moths of wrath
  30 black mambas
  11 naga magi
  13 vault sentinels
  5 ice statues (IceCv)
  A rust devil (Depths:3)
  A spiny frog (shapeshifter) (Vaults:3)
  14 spiny frogs
  10 freezing wraiths
  4 water nymphs
  6 centaur skeletons
  2 spectral swamp worms (Depths:4)
  9 rime drakes
  A rime drake (shapeshifter) (Vaults:3)
  13 komodo dragons
  An entropy weaver simulacrum (Vaults:2)
  2 ice devils (Depths:3)
  4 tengu conjurers
  39 yaktaurs
  An efreet (D:14)
  22 merfolk
  A queen bee (shapeshifter) (Depths:1)
  3 red devils
  3 polar bears
  A wind drake (shapeshifter) (Vaults:1)
  A jumping spider (Vaults:3)
  5 hornets
  4 wind drakes
  7 trolls
  63 slime creatures
  8 snapping turtles
  A blink frog (shapeshifter) (Depths:1)
  4 blink frogs
  A meliai zombie (D:12)
  A tengu simulacrum (Vaults:1)
  7 dream sheep
  7 hippogriffs
  10 redbacks
  3 shadows
  10 wraiths
  A dire elephant simulacrum (IceCv)
  4 vampires
  A spriggan (Depths:3)
  31 yaks
  A tarantella (Vaults:3)
  A wyvern (Lair:6)
  3 hogs
  6 golden eyes
  3 basilisks
  3 hungry ghosts
  7 vampire mosquitoes
  Menkaure (D:7)
  4 swamp worms (Lair:5)
  An acid dragon (Vaults:2)
  32 nagas
  5 wargs
  15 water moccasins
  2 soldier ants
  2 two-headed ogre zombies (WizLab)
  11 porcupines
  A floating eye (Depths:4)
  4 black bears
  5 hell hounds (Depths:3)
  7 ice beasts
  3 ettin simulacra
  A swamp drake (Orc:2)
  9 sky beasts
  2 eyes of draining
  37 orc warriors
  A sky beast (shapeshifter) (D:14)
  An eye of draining (shapeshifter) (Vaults:3)
  A phantom (D:14)
  34 ogres
  4 boggarts (Vaults:2)
  14 centaurs
  4 necrophages (Lair:5)
  The ghost of letownia2 the Charmwright, an amateur MfSk of Cheibriados (D:7)
  10 crocodiles
  A big kobold (D:10)
  14 bullfrogs
  A human simulacrum (Vaults:3)
  4 gnoll sergeants
  A wyvern skeleton (D:8)
  4 troll zombies (WizLab)
  5 scorpions
  7 wights
  5 killer bees
  2 electric eels
  2 howler monkeys
  12 crimson imps
  4 quasits
  A bullfrog zombie (D:8)
  5 hounds
  An iron imp (Orc:2)
  A bullfrog skeleton (D:9)
  12 orc priests
  23 jellies
  Natasha (D:3)
  An iguana (D:8)
  26 orc wizards
  15 worker ants
  5 big kobold zombies (Ossuary)
  6 ogre zombies (WizLab)
  A hound zombie (D:10)
  2 mummies (Ossuary)
  A howler monkey zombie (D:5)
  A worker ant zombie (D:7)
  Robin (D:2)
  10 gnolls
  11 adders
  5 shadow imps
  3 white imps (Depths:1)
  An ufetubus (Vaults:1)
  11 oozes
  An adder zombie (D:5)
  4 adder skeletons
  3 worms
  A dart slug (D:1)
  5 leopard geckos
  93 orcs
  2 ball pythons
  9 bats
  4 giant cockroaches
  8 hobgoblins
  11 jackals
  10 kobolds
  2 quokkas
  5 frilled lizards
  3 gnoll zombies (Ossuary)
  10 goblins
  2 goblin zombies (Ossuary)
  2 hobgoblin zombies (Ossuary)
  A jackal zombie (D:6)
  A leopard gecko skeleton (D:5)
  2 orc zombies (Ossuary)
  A quokka skeleton (D:6)
  7 rats
1640 creatures vanquished.

Vanquished Creatures (collateral kills)
  A pandemonium lord (Zot:2)
  2 orbs of fire (Zot:5)
  2 ancient liches (Zot:5)
  Mennas (Depths:3)
  2 juggernauts (Depths:4)
  Bai Suzhen (Depths:1)
  A curse toe (Zot:2)
  Saint Roka (Orc:2)
  Xtahua (Depths:4)
  Vashnia (Snake:2)
  3 caustic shrikes (Depths:3)
  Nikola (Shoals:2)
  7 golden dragons
  the Enchantress (Depths:2)
  16 tentacled monstrosities
  5 electric golems
  24 Orb Guardians (Zot:5)
  4 liches
  11 quicksilver dragons
  A titan (Depths:4)
  24 acid blobs
  6 sphinxes
  11 shadow dragons
  9 nagarajas
  4 death cobs
  An ancient champion (WizLab)
  A tengu reaver (Depths:2)
  7 storm dragons
  A thorn hunter (Depths:2)
  A draconian monk (Zot:2)
  6 fire giants
  6 azure jellies
  3 iron dragons
  A deep elf sorcerer (Depths:4)
  A vault warden (Vaults:4)
  6 frost giants
  A balrug (Depths:3)
  Aizul (Snake:4)
  4 draconian scorchers
  A draconian stormcaller (Zot:3)
  6 draconian shifters
  2 ironheart preservers (Vaults:1)
  3 ghost moths
  5 spriggan defenders
  2 draconian annihilators
  8 very ugly things
  5 green draconians
  13 stone giants
  A reaper (Depths:3)
  A deep elf demonologist (Depths:3)
  A vampire knight (Depths:3)
  A black draconian (Zot:5)
  7 purple draconians
  6 red draconians
  5 white draconians
  6 yellow draconians
  A blizzard demon (Depths:3)
  Snorg (Orc:2)
  A merfolk impaler (Shoals:4)
  3 death oozes
  2 yaktaur captains
  A merfolk javelineer (Shoals:2)
  2 deep elf high priests
  6 jiangshi
  7 ogre magi
  10 great orbs of eyes
  Erolcha (Orc:2)
  3 ice dragons
  2 vault guards
  8 spriggan air magi
  4 hydras
  8 rakshasas
  2 anacondas (Snake:4)
  15 naga warriors
  2 catoblepae (Shoals:2)
  3 merfolk avatars
  4 merfolk aquamancers (Shoals:4)
  A centaur warrior (Vaults:1)
  3 deep troll shamans
  13 two-headed ogres
  10 tengu warriors
  4 deep elf knights
  6 deep troll earth magi
  3 vampire magi
  3 shock serpents
  15 spriggan berserkers
  4 soul eaters
  13 naga sharpshooters
  A spriggan (Depths:2)
  2 iron trolls
  2 hell knights
  A salamander mystic (Snake:3)
  5 sun demons
  A sea snake (shapeshifter) (Depths:2)
  A quicksilver dragon simulacrum (Depths:3)
  2 sea snakes
  18 skeletal warriors
  3 glowing orange brains
  A spriggan druid (Depths:2)
  5 deep trolls
  13 harpies
  A deep elf archer (Vaults:2)
  2 wizards
  5 ironbrand convokers
  8 naga ritualists
  2 flayed ghosts
  2 phantasmal warriors (Depths:3)
  An obsidian statue (Depths:1)
  A necromancer (Depths:5)
  An orc sorcerer (Orc:2)
  7 deep elf magi
  11 mana vipers
  14 ugly things
  6 shining eyes
  6 oklob plants
  2 cyclopes
  4 salamanders
  A manticore (Lair:6)
  3 merfolk sirens
  17 moths of wrath
  7 naga magi
  A faun (Shoals:1)
  6 black mambas
  8 rust devils
  An ice statue (Depths:3)
  A vault sentinel (Vaults:2)
  7 guardian serpents
  An orange demon (Depths:1)
  A gargoyle (D:12)
  2 spectral swamp worms (Depths:4)
  2 spiny frogs (Lair:6)
  An eye of devastation (Slime:5)
  10 yaktaurs
  2 anaconda simulacra (IceCv)
  A tengu conjurer (Depths:3)
  4 merfolk
  A red devil (Depths:3)
  A wind drake (Shoals:2)
  3 hornets
  A hippogriff (shapeshifter) (Depths:3)
  2 wind drakes (shapeshifter) (Depths:5)
  5 dream sheep
  34 slime creatures
  A raiju (shapeshifter) (Depths:2)
  A hippogriff (Lair:6)
  A flying skull (Depths:3)
  A vampire (WizLab)
  2 redbacks (Snake:3)
  A redback (shapeshifter) (Vaults:2)
  11 air elementals
  A basilisk (shapeshifter) (Depths:4)
  3 dire elephant simulacra (IceCv)
  A shadow (Depths:3)
  4 wraiths (D:11)
  8 water elementals
  8 golden eyes
  A hog (shapeshifter) (Depths:4)
  3 fire elementals (D:12)
  A harpy simulacrum (IceCv)
  25 nagas
  An acid dragon (Vaults:2)
  A water moccasin (Lair:6)
  A hydra simulacrum (IceCv)
  2 hell hounds
  2 orc warriors
  2 ettin simulacra (Depths:3)
  An eye of draining (Slime:1)
  7 ogres
  A centaur (Shoals:2)
  A bullfrog (shapeshifter) (Depths:1)
  4 troll zombies (WizLab)
  A wight (WizLab)
  7 crimson imps (Depths:1)
  6 jellies (Zot:1)
  An orc priest (Orc:2)
  5 iron imps
  3 orc wizards
  A worker ant (D:14)
  An ogre zombie (WizLab)
  A gnoll (D:12)
  A white imp (Orc:2)
  2 oozes (Lair:6)
  8 orcs
  A giant cockroach (D:3)
  2 plants (Lair:6)
801 creatures vanquished.

Vanquished Creatures (others)
  An orb of fire (Zot:3)
  A Killer Klown (Zot:5)
  A curse toe (Zot:3)
  2 tentacled monstrosities (Zot:3)
  An Orb Guardian (Zot:5)
  A death cob (Zot:2)
  A storm dragon (Zot:3)
  A draconian knight (Zot:3)
  3 draconian monks
  3 draconian scorchers
  A deep elf elementalist (Depths:3)
  A draconian stormcaller (Zot:3)
  A black draconian (Zot:3)
  2 green draconians
  A white draconian (Zot:3)
  A yellow draconian (Zot:3)
  2 purple draconians (Zot:3)
  A deep elf knight (Vaults:2)
  An unseen horror (shapeshifter) (Vaults:1)
  4 moths of wrath (Zot:3)
  A black mamba (Snake:4)
  A yaktaur (Vaults:4)
  4 dancing weapons
  4 humans (D:15)
  A chaos spawn (Zot:2)
  An ettin simulacrum (Depths:3)
  2 white imps
  2 orcs (Orc:2)
  13 fungi
  44 plants
103 creatures vanquished.

Grand Total: 2544 creatures vanquished

Notes
Turn   | Place    | Note
-------+----------+-------------------------------------------
     0 | D:1      | dstrtn the Spriggan Enchanter began the quest for the Orb.
     0 | D:1      | Reached XP level 1. HP: 9/9 MP: 5/5
   878 | D:1      | Reached skill level 1 in Fighting
  1194 | D:1      | Reached XP level 2. HP: 14/14 MP: 3/6
  1202 | D:1      | Learned a level 2 spell: Ensorcelled Hibernation
  1632 | D:1      | Reached skill level 5 in Stealth
  2147 | D:1      | Reached XP level 3. HP: 18/18 MP: 2/8
  2161 | D:1      | Learned a level 3 spell: Confuse
  2667 | D:2      | Noticed Robin
  2996 | D:2      | Killed Robin
  3827 | D:3      | Reached XP level 4. HP: 22/22 MP: 7/9
  3839 | D:2      | Learned a level 3 spell: Dazzling Spray
  3965 | D:3      | Reached skill level 1 in Ice Magic
  4086 | D:3      | Noticed Ijyb
  4236 | D:2      | Reached skill level 6 in Stealth
  4561 | D:3      | Noticed Natasha
  5013 | D:3      | Reached XP level 5. HP: 25/25 MP: 0/11
  5813 | D:3      | Killed Natasha
  5813 | D:3      | Reached skill level 7 in Stealth
  5870 | D:3      | Found a shimmering altar of Xom.
  6234 | D:3      | Noticed Natasha
  6294 | D:4      | Reached XP level 6. HP: 30/30 MP: 5/12
  6478 | D:4      | Noticed an ice beast
  6480 | D:4      | Found a sand-covered staircase.
  6494 | D:4      | Killed an ice beast
  6494 | D:4      | Reached skill level 8 in Stealth
  6507 | Ossuary  | Entered an ossuary
  6785 | Ossuary  | Reached XP level 7. HP: 20/33 MP: 3/14
  7166 | D:4      | Learned a level 3 spell: Tukima's Dance
  7651 | D:5      | Entered Level 5 of the Dungeon
  7652 | D:5      | Reached skill level 9 in Stealth
  7687 | D:5      | Reached skill level 5 in Hexes
  7967 | D:5      | Found Jimit's Book Emporium.
  8013 | D:5      | Bought a book of Minor Magic for 280 gold pieces
  8025 | D:5      | Learned a level 2 spell: Blink
  8157 | D:5      | Reached skill level 1 in Translocations
  8204 | D:5      | Found an iron altar of Okawaru.
  8283 | D:5      | Found a staircase to the Ecumenical Temple.
  8293 | Temple   | Entered the Ecumenical Temple
  8327 | Temple   | Became a worshipper of Gozag Ym Sagoz the Greedy
  8369 | D:5      | Reached skill level 5 in Short Blades
  8567 | D:5      | Reached XP level 8. HP: 37/37 MP: 15/15
  8743 | D:5      | Found an ornate altar of the Wu Jian Council.
  8768 | D:5      | Found a burning altar of Makhleb.
  9035 | D:6      | Found Gulec's Armour Shop.
  9429 | D:6      | Reached skill level 5 in Dodging
  9429 | D:6      | Reached skill level 1 in Evocations
  9668 | D:6      | Reached skill level 10 in Stealth
  9989 | D:7      | Noticed Menkaure
  9992 | D:7      | Noticed letownia2's ghost (amateur MfSk)
 10029 | D:7      | Killed letownia2's ghost
 10029 | D:7      | Reached skill level 5 in Spellcasting
 10887 | D:7      | Reached XP level 9. HP: 41/41 MP: 10/18
 11067 | D:7      | Killed Menkaure
 11090 | D:7      | Found a snail-covered altar of Cheibriados.
 11209 | D:7      | Found a deep blue altar of Sif Muna.
 11422 | D:8      | Found a basalt altar of Yredelemnul.
 12366 | D:8      | Reached skill level 11 in Stealth
 12491 | D:8      | Found a shattered altar of Ashenzari.
 12509 | D:8      | Noticed a two-headed ogre
 12729 | D:8      | Killed a two-headed ogre
 13034 | D:8      | Found a staircase to the Lair.
 13075 | D:8      | Noticed a two-headed ogre
 13081 | D:8      | Killed a two-headed ogre
 13081 | D:8      | Reached XP level 10. HP: 47/47 MP: 9/21
 13138 | D:8      | Learned a level 3 spell: Mephitic Cloud
 13142 | D:8      | Learned a level 3 spell: Conjure Flame
 13266 | D:9      | Reached skill level 12 in Stealth
 13565 | D:9      | Reached skill level 1 in Poison Magic
 13702 | D:9      | Reached skill level 1 in Air Magic
 13852 | D:9      | Reached skill level 1 in Conjurations
 13915 | D:9      | Found a sparkling altar of Nemelex Xobeh.
 14160 | D:9      | Reached skill level 10 in Dodging
 14420 | D:10     | Entered Level 10 of the Dungeon
 14420 | D:10     | Found Ymeokum's Magic Scroll Emporium.
 14434 | D:10     | Bought a scroll of blinking for 75 gold pieces
 14434 | D:10     | Bought a scroll of magic mapping for 35 gold pieces
 14434 | D:10     | Bought a scroll of fog for 20 gold pieces
 14434 | D:10     | Bought a scroll of summoning for 95 gold pieces
 14434 | D:10     | Bought a scroll of summoning for 95 gold pieces
 14434 | D:10     | Bought a scroll of identify for 20 gold pieces
 14434 | D:10     | Bought a scroll of enchant weapon for 75 gold pieces
 14434 | D:10     | Bought a scroll of enchant armour for 75 gold pieces
 14516 | D:10     | Found Ytsocukho's Gadget Emporium.
 14627 | D:10     | Reached skill level 1 in Fire Magic
 14722 | D:10     | Bought a wand of iceblast (15) for 190 gold pieces
 14823 | D:10     | Found Bowayn's Antique Armour Emporium.
 15008 | D:10     | Noticed a two-headed ogre
 15033 | D:10     | Killed a two-headed ogre
 15727 | D:5      | Bought a book of Callings for 420 gold pieces
 15736 | D:5      | Learned a level 4 spell: Summon Lightning Spire
 15827 | Lair:1   | Entered Level 1 of the Lair of Beasts
 16040 | Lair:1   | Noticed a spiny frog
 16078 | Lair:1   | Reached skill level 13 in Stealth
 16118 | Lair:1   | Reached skill level 1 in Summonings
 16289 | Lair:1   | Reached XP level 11. HP: 49/53 MP: 1/23
 16451 | Lair:1   | Reached skill level 5 in Evocations
 17134 | Lair:2   | Noticed 1994's ghost (journeyman TeSu)
 17299 | Lair:2   | Found a staircase to the Shoals.
 17511 | Lair:2   | Killed 1994's ghost
 17653 | Lair:2   | Noticed a six-headed hydra
 18385 | Lair:2   | Reached skill level 14 in Stealth
 18733 | Lair:3   | Noticed Urug
 18773 | Lair:3   | Killed Urug
 19406 | Lair:3   | Found a staircase to the Snake Pit.
 19478 | Lair:3   | Learned a level 3 spell: Regeneration
 19531 | Lair:3   | Reached XP level 12. HP: 58/58 MP: 22/25
 19604 | Lair:3   | Reached skill level 1 in Charms
 19630 | Lair:3   | Noticed a seven-headed hydra
 19979 | Lair:4   | Found a labyrinth entrance.
 19980 | Lair:4   | Noticed a seven-headed hydra
 20490 | Lair:4   | Reached skill level 15 in Stealth
 20505 | Lair:4   | Reached skill level 5 in Fighting
 20675 | Lair:4   | Killed a seven-headed hydra
 20832 | Lair:3   | Killed a seven-headed hydra
 20979 | Lair:5   | Noticed an alligator
 21319 | Lair:5   | Reached skill level 5 in Summonings
 21659 | Lair:6   | Entered Level 6 of the Lair of Beasts
 21661 | Lair:6   | Noticed a six-headed hydra
 21717 | Lair:5   | Noticed an alligator
 21794 | Lair:5   | Noticed an alligator
 21943 | Lair:5   | Noticed a four-headed hydra
 21965 | Lair:4   | Learned a level 4 spell: Summon Ice Beast
 22060 | Lair:5   | Killed a four-headed hydra
 22174 | Lair:6   | HP: 24/60 [six-headed hydra (13)]
 22380 | Lair:6   | Killed a six-headed hydra
 22993 | Lair:5   | Killed an alligator
 23133 | Lair:5   | Killed an alligator
 23145 | Lair:5   | Killed an alligator
 23145 | Lair:5   | Reached skill level 16 in Stealth
 23710 | Lair:6   | Reached XP level 13. HP: 63/63 MP: 26/26
 24165 | Lair:6   | Found a staircase to the Slime Pits.
 24664 | Lair:6   | Got a bone hand axe
 24670 | Lair:6   | Identified the +1 hand axe of Chance {freeze, rF+ MR+} (You found it on level 6 of the Lair of Beasts)
 25343 | D:11     | Noticed Fannar
 25689 | D:11     | Killed Fannar
 26162 | D:11     | Identified the Catalogue of the Illusory Stars
 26168 | D:11     | Learned a level 2 spell: Passwall
 26302 | D:11     | Noticed Josephine
 26660 | D:11     | Killed Josephine
 26660 | D:11     | Reached skill level 17 in Stealth
 26660 | D:11     | Reached skill level 1 in Transmutations
 27058 | D:11     | Reached skill level 1 in Earth Magic
 27207 | D:12     | Found a bloodstained altar of Trog.
 27521 | D:12     | Noticed Azrael
 27974 | D:12     | Killed Azrael
 28267 | D:12     | Found a staircase to the Orcish Mines.
 28850 | Orc:1    | Entered Level 1 of the Orcish Mines
 29592 | Orc:2    | Entered Level 2 of the Orcish Mines
 29592 | Orc:2    | Found a roughly hewn altar of Beogh.
 29594 | Orc:2    | Found a staircase to the Elven Halls.
 29615 | Orc:2    | Noticed Saint Roka
 29882 | Orc:2    | Noticed Erolcha
 30339 | D:12     | Found a bloodstained altar of Trog.
 30617 | D:13     | Reached XP level 14. HP: 70/70 MP: 28/28
 31109 | D:13     | Reached skill level 10 in Spellcasting
 31534 | D:5      | Bought a book of Dreams for 1050 gold pieces
 31543 | D:5      | Learned a level 6 spell: Shadow Creatures
 32871 | D:14     | Noticed Sonja
 32988 | D:14     | Killed Sonja
 33197 | D:14     | Found a gate to the Vaults.
 33295 | D:15     | Entered Level 15 of the Dungeon
 33304 | D:15     | Reached skill level 10 in Summonings
 33624 | D:15     | Noticed Kirke
 33633 | D:15     | Killed Kirke
 34463 | D:14     | HP: 26/70 [freezing wraith[a death knight] (8)]
 34894 | D:15     | Found a staircase to the Depths.
 35209 | D:12     | Found a staircase to the Orcish Mines.
 35239 | Orc:1    | HP: 28/70 [orc warrior/scimitar (23)]
 36207 | Orc:2    | Killed Saint Roka
 36207 | Orc:2    | Reached XP level 15. HP: 49/73 MP: 7/30
 36754 | Orc:2    | Noticed Snorg
 37196 | Orc:2    | Killed Snorg
 37653 | Orc:2    | Killed Erolcha
 37686 | Orc:2    | Found Buufu's Book Emporium.
 37699 | Orc:2    | Found Enkel's Food Shop.
 37715 | Orc:2    | Found Sedghe's Food Shop.
 37717 | Orc:2    | Found Ceekemp's Jewellery Emporium.
 37743 | Orc:2    | Bought a book of Misfortune for 320 gold pieces
 37749 | Orc:2    | Bought a ration for 60 gold pieces
 37749 | Orc:2    | Bought a ration for 60 gold pieces
 37749 | Orc:2    | Bought a ration for 60 gold pieces
 37749 | Orc:2    | Bought a ration for 60 gold pieces
 37749 | Orc:2    | Bought a ration for 60 gold pieces
 37749 | Orc:2    | Bought a ration for 60 gold pieces
 37749 | Orc:2    | Bought a ration for 60 gold pieces
 37749 | Orc:2    | Bought a ration for 60 gold pieces
 37749 | Orc:2    | Bought a ration for 60 gold pieces
 37749 | Orc:2    | Bought a ration for 60 gold pieces
 37749 | Orc:2    | Bought a ration for 60 gold pieces
 37757 | Orc:2    | Bought a ration for 70 gold pieces
 37757 | Orc:2    | Bought a ration for 70 gold pieces
 37757 | Orc:2    | Bought a ration for 70 gold pieces
 37757 | Orc:2    | Bought a ration for 70 gold pieces
 37757 | Orc:2    | Bought a ration for 70 gold pieces
 37757 | Orc:2    | Bought a ration for 70 gold pieces
 37757 | Orc:2    | Bought a ration for 70 gold pieces
 37757 | Orc:2    | Bought a ration for 70 gold pieces
 37757 | Orc:2    | Bought a ration for 70 gold pieces
 37757 | Orc:2    | Bought a ration for 70 gold pieces
 37757 | Orc:2    | Bought a ration for 70 gold pieces
 37757 | Orc:2    | Bought a ration for 70 gold pieces
 37757 | Orc:2    | Bought a ration for 70 gold pieces
 38147 | Lair:6   | Got a steaming hand crossbow
 38152 | Lair:6   | Identified the +9 hand crossbow "Hydra's Regret" {freeze, rC+} (You found it on level 6 of the Lair of Beasts)
 38249 | Snake:1  | Entered Level 1 of the Snake Pit
 38748 | Snake:1  | Found Xaf Qinn's Book Emporium.
 39069 | Snake:1  | Reached skill level 15 in Dodging
 39126 | Snake:1  | Reached skill level 18 in Stealth
 39563 | Snake:2  | Noticed Vashnia
 39851 | Snake:1  | Bought a book of the Sky for 1105 gold pieces
 39858 | Snake:1  | Learned a level 6 spell: Deflect Missiles
 39965 | Snake:2  | Noticed a nagaraja
 39997 | Snake:2  | Killed a nagaraja
 40137 | Snake:2  | HP: 29/73 [naga sharpshooter/bolt[Vashnia] (19)]
 40789 | Snake:2  | HP: 13/73 [shock serpent/bolt of electricity (26)]
 41173 | Snake:2  | Reached skill level 5 in Charms
 42186 | Snake:2  | Killed Vashnia
 42755 | Orc:2    | Bought an uncursed amulet of guardian spirit for 480 gold pieces
 43821 | Snake:3  | Reached XP level 16. HP: 77/77 MP: 20/33
 43970 | Snake:3  | Reached skill level 10 in Charms
 45803 | Snake:3  | Reached skill level 5 in Air Magic
 46360 | Snake:4  | Entered Level 4 of the Snake Pit
 47076 | Snake:4  | Noticed Aizul
 47087 | Snake:4  | Killed Aizul
 48547 | Snake:4  | Reached skill level 10 in Hexes
 49785 | Snake:4  | Reached skill level 15 in Spellcasting
 49955 | Snake:1  | Bought a book of Party Tricks for 850 gold pieces
 49962 | Snake:1  | Learned a level 6 spell: Invisibility
 49964 | Snake:1  | Learned a level 1 spell: Apportation
 50656 | Snake:4  | Reached XP level 17. HP: 81/81 MP: 37/37
 51001 | Snake:4  | Got a serpentine rune of Zot
 51138 | Snake:1  | Learned a level 1 spell: Summon Butterflies
 51407 | Orc:2    | Bought an uncursed ring of flight for 280 gold pieces
 51715 | Shoals:1 | Entered Level 1 of the Shoals
 51730 | Shoals:1 | Found a frozen archway.
 51775 | IceCv    | Entered an ice cave
 53241 | Shoals:1 | Found a runed door.
 53980 | Shoals:2 | Noticed Nikola
 54007 | Shoals:2 | Killed Nikola
 54726 | Shoals:2 | Noticed Roxanne
 54791 | Shoals:2 | HP: 31/81 [faun/uncursed spear (22)]
 55590 | Shoals:3 | Found Ipoud's Assorted Antiques.
 55649 | Shoals:3 | Bought a potion of haste for 280 gold pieces
 55649 | Shoals:3 | Bought a wand of paralysis (8) for 56 gold pieces
 55649 | Shoals:3 | Bought 2 potions of haste for 560 gold pieces
 55649 | Shoals:3 | Bought a wand of iceblast (8) for 112 gold pieces
 55649 | Shoals:3 | Bought a scroll of magic mapping for 98 gold pieces
 55709 | Shoals:3 | Found Ypseng's Antique Weapon Shoppe.
 56294 | Shoals:4 | Entered Level 4 of the Shoals
 56620 | Shoals:4 | Noticed Ilsuiw
 56741 | Shoals:4 | Killed Ilsuiw
 57056 | Shoals:4 | Identified the +8 eveningstar of Death {flame, Dex+4} (You found it on level 4 of the Shoals)
 57446 | Shoals:4 | Identified the Incunabulum of the Ageless Eyes
 57512 | Shoals:4 | Identified the cursed +0 hand axe of the Hummingbird {speed, Str+2} (You found it on level 4 of the Shoals)
 57929 | Shoals:4 | Got a barnacled rune of Zot
 58171 | Shoals:4 | Got a smoking lead ring
 58203 | Shoals:4 | Identified the ring of Liberalism {rPois rC++ Str+5 Dex-5} (You found it on level 4 of the Shoals)
 58365 | Shoals:3 | Bought a potion of flight for 84 gold pieces
 58648 | Vaults:1 | Entered Level 1 of the Vaults
 59360 | Vaults:1 | Reached XP level 18. HP: 90/90 MP: 35/40
 60057 | Vaults:1 | Learned a level 5 spell: Yara's Violent Unravelling
 63446 | Vaults:2 | Found a staircase to the Crypt.
 63446 | Vaults:2 | Found a basalt altar of Yredelemnul.
 63447 | Vaults:2 | Found an ancient bone altar of Kikubaaqudgha.
 63769 | Vaults:2 | Reached skill level 10 in Evocations
 63986 | Vaults:2 | Reached skill level 10 in Fighting
 64413 | Vaults:2 | Reached skill level 10 in Short Blades
 65386 | Vaults:2 | Reached XP level 19. HP: 99/99 MP: 35/42
 66560 | Vaults:3 | Identified the amulet "Zuxy" {+Rage rPois rN++ Str-4 Dex+2} (You found it on level 3 of the Vaults)
 67066 | Vaults:3 | Reached skill level 19 in Stealth
 67596 | Vaults:3 | Identified the cursed +1 mace of Mayhem {freeze, Int+4} (You found it on level 3 of the Vaults)
 67978 | Vaults:4 | Found Yreoca's Armour Shop.
 68113 | Vaults:4 | Found Istrifaitz's Antique Weapon Boutique.
 68739 | Vaults:4 | Paralysed by a hornet for 3 turns
 68906 | Vaults:4 | Reached skill level 20 in Stealth
 68976 | Vaults:4 | Noticed a lich
 68996 | Vaults:4 | Killed a lich
 69617 | Vaults:4 | Reached XP level 20. HP: 105/105 MP: 30/43
 70922 | Depths:1 | Entered Level 1 of the Depths
 70934 | Depths:1 | Noticed Asterion
 71750 | Depths:1 | Noticed Bai Suzhen
 71773 | Depths:1 | Killed Asterion
 71910 | Depths:1 | Reached skill level 21 in Stealth
 72069 | Depths:1 | Found a gateway to a ziggurat.
 72438 | Depths:1 | Found a gateway to Hell.
 72463 | Depths:1 | Got a smoking short sword {pierce}
 72624 | Depths:1 | Learned a level 6 spell: Darkness
 72961 | Depths:1 | Killed Bai Suzhen
 73147 | Depths:2 | Found a magical portal.
 73248 | WizLab   | Entered Zonguldrok's Shrine
 74275 | WizLab   | Noticed an antique lich
 74279 | WizLab   | Found the +9 sword of Zonguldrok {reap}
 75088 | Depths:2 | Found a one-way gate leading to the halls of Pandemonium.
 75536 | Depths:2 | Got a sapphire scimitar {drain}
 75983 | Depths:2 | Noticed the Enchantress
 76719 | Depths:2 | Reached skill level 22 in Stealth
 77130 | Depths:2 | Found a radiant altar of Vehumet.
 77411 | Depths:2 | Killed the Enchantress
 77420 | Depths:2 | Got faerie dragon scales
 77499 | Depths:2 | Identified the +2 faerie dragon scales {rC+ rCorr MP-9 Dex+9} (You took it off the Enchantress on level 2 of the Depths)
 77891 | Depths:3 | Noticed Mennas
 77911 | Depths:3 | Killed Mennas
 77911 | Depths:3 | Reached skill level 1 in Armour
 78566 | Depths:4 | Found a one-way gate to the infinite horrors of the Abyss.
 78598 | Depths:4 | Reached XP level 21. HP: 110/110 MP: 28/45
 79619 | Depths:4 | Noticed Xtahua
 79627 | Depths:4 | Killed Xtahua
 80135 | Depths:4 | Reached skill level 23 in Stealth
 80630 | Depths:4 | Found Miuhag's General Store.
 80706 | Depths:4 | Reached skill level 5 in Armour
 80838 | Depths:4 | Bought a potion of agility for 48 gold pieces
 80838 | Depths:4 | Bought a box of beasts for 240 gold pieces
 80838 | Depths:4 | Bought a potion of brilliance for 48 gold pieces
 80838 | Depths:4 | Bought the cursed -7 buckler "Lokomot" {rN+} for 1 gold piece
 81001 | Depths:4 | Found Nuetyupp's Antique Armour Boutique.
 81172 | Depths:4 | Found Deebal's Antique Weapon Shop.
 81501 | Depths:4 | Reached skill level 24 in Stealth
 81636 | Depths:5 | Entered Level 5 of the Depths
 82261 | Depths:5 | Bought a ration for 60 gold pieces
 82261 | Depths:5 | Bought a ration for 60 gold pieces
 82261 | Depths:5 | Bought a ration for 60 gold pieces
 82261 | Depths:5 | Bought a ration for 60 gold pieces
 82261 | Depths:5 | Bought a ration for 60 gold pieces
 82261 | Depths:5 | Bought a ration for 60 gold pieces
 82261 | Depths:5 | Bought a ration for 60 gold pieces
 82261 | Depths:5 | Bought a ration for 60 gold pieces
 82261 | Depths:5 | Bought a ration for 60 gold pieces
 82261 | Depths:5 | Bought a ration for 60 gold pieces
 82433 | Depths:5 | Noticed a juggernaut
 82453 | Depths:5 | Killed a juggernaut
 82977 | Depths:2 | Learned a level 7 spell: Summon Hydra
 83438 | Depths:5 | Reached skill level 25 in Stealth
 84360 | Depths:5 | Noticed a golden dragon
 84379 | Depths:5 | Killed a golden dragon
 84683 | Depths:5 | Noticed a golden dragon
 84693 | Depths:5 | Killed a golden dragon
 84695 | Depths:5 | Found a gate to the Realm of Zot.
 85207 | Depths:4 | Noticed a juggernaut
 85220 | Depths:4 | Killed a juggernaut
 85228 | Depths:4 | Noticed a juggernaut
 85246 | Depths:4 | Killed a juggernaut
 85688 | Depths:4 | Reached skill level 26 in Stealth
 85727 | Depths:4 | Reached XP level 22. HP: 93/115 MP: 7/46
 86431 | Depths:3 | Noticed a caustic shrike
 86438 | Depths:3 | Noticed a caustic shrike
 86439 | Depths:3 | Noticed a caustic shrike
 87268 | Depths:3 | Found a blossoming altar of Fedhas.
 88084 | Depths:3 | Noticed a golden dragon
 88822 | Depths:3 | Found a burning altar of Makhleb.
 88841 | Depths:3 | Killed a caustic shrike
 88846 | Depths:3 | Killed a caustic shrike
 88848 | Depths:3 | Killed a caustic shrike
 89122 | Depths:3 | Found an opulent altar of Gozag.
 89704 | Depths:3 | Found a bloodstained altar of Trog.
 89773 | Depths:3 | Killed a golden dragon
 90626 | Lair:6   | Bought a ration for 55 gold pieces
 90626 | Lair:6   | Bought a ration for 55 gold pieces
 90626 | Lair:6   | Bought a ration for 55 gold pieces
 90626 | Lair:6   | Bought a ration for 55 gold pieces
 90626 | Lair:6   | Bought a ration for 55 gold pieces
 90626 | Lair:6   | Bought a ration for 55 gold pieces
 90626 | Lair:6   | Bought a ration for 55 gold pieces
 90626 | Lair:6   | Bought a ration for 55 gold pieces
 90626 | Lair:6   | Bought a ration for 55 gold pieces
 90626 | Lair:6   | Bought a ration for 55 gold pieces
 90626 | Lair:6   | Bought a ration for 55 gold pieces
 90626 | Lair:6   | Bought a ration for 55 gold pieces
 90626 | Lair:6   | Bought a ration for 55 gold pieces
 90626 | Lair:6   | Bought a ration for 55 gold pieces
 90760 | Slime:1  | Entered Level 1 of the Pits of Slime
 90767 | Slime:1  | Gained mutation: You are dopey. (Int -2) [a shining eye]
 90811 | Slime:1  | Gained mutation: Your body sometimes deteriorates upon taking damage. [a shining eye]
 92349 | Slime:4  | Found a viscous altar of Jiyva.
 92723 | Slime:4  | Gained mutation: You expend magic power (3 MP) to strengthen your wands. [a shining eye]
 93095 | Slime:5  | Entered Level 5 of the Pits of Slime
 93179 | Slime:5  | Noticed the Royal Jelly
 93180 | Slime:5  | Found a viscous altar of Jiyva.
 93187 | Slime:5  | Killed the Royal Jelly
 94290 | Slime:5  | Gained mutation: You are very dopey. (Int -4) [a shining eye]
 94298 | Slime:5  | Reached XP level 23. HP: 114/121 MP: 17/47
 94347 | Slime:5  | Got a twisted war axe
 94387 | Slime:5  | Got a slimy rune of Zot
 94478 | Slime:5  | Identified the Almanac of Shifting Benedictions
 94483 | Slime:5  | Got a bloodstained short sword
 94609 | Lair:6   | Identified the cursed +3 short sword "Jellyslayer" {venom, Dex+3 Stlth+} (You found it on level 5 of the Pits of Slime)
 95081 | Zot:1    | Entered Level 1 of the Realm of Zot
 95233 | Zot:1    | Reached skill level 15 in Evocations
 96450 | Zot:1    | Reached skill level 15 in Summonings
 97701 | Zot:1    | HP: 44/122 [electric golem (15)]
 98945 | Depths:2 | Learned a level 5 spell: Summon Mana Viper
 99829 | Zot:1    | Reached XP level 24. HP: 78/127 MP: 7/48
100672 | Zot:2    | HP: 47/127 [yellow draconian annihilator/bolt of lightning (34)]
101964 | Zot:3    | Noticed an orb of fire
102307 | Zot:3    | Identified a scroll of acquirement
102381 | Zot:2    | Bought a ration for 55 gold pieces
102381 | Zot:2    | Bought a ration for 55 gold pieces
102381 | Zot:2    | Bought a ration for 55 gold pieces
102381 | Zot:2    | Bought a ration for 55 gold pieces
102381 | Zot:2    | Bought a ration for 55 gold pieces
102381 | Zot:2    | Bought a ration for 55 gold pieces
102381 | Zot:2    | Bought a ration for 55 gold pieces
102381 | Zot:2    | Bought a ration for 55 gold pieces
104831 | Zot:5    | Entered Level 5 of the Realm of Zot
105693 | Zot:5    | Noticed an ancient lich
105702 | Zot:5    | Killed an ancient lich
105702 | Zot:5    | Reached XP level 25. HP: 131/131 MP: 36/48
105789 | Zot:5    | Noticed an orb of fire
105818 | Zot:5    | Noticed an ancient lich
105969 | Zot:5    | Noticed an orb of fire
106011 | Zot:5    | Noticed an orb of fire
106054 | Zot:5    | Noticed an ancient lich
106067 | Zot:5    | Killed an ancient lich
106393 | Zot:5    | Noticed an orb of fire
106414 | Zot:5    | Killed an orb of fire
106490 | Zot:5    | Noticed an ancient lich
106500 | Zot:5    | Noticed an orb of fire
106521 | Zot:5    | Killed an orb of fire
106881 | Zot:5    | Got the Orb of Zot
107014 | Zot:2    | Noticed Nikauqu the pandemonium lord
107023 | Zot:2    | Killed Nikauqu the pandemonium lord
107314 | D:13     | Lost mutation: Your body sometimes deteriorates upon taking damage. [potion of mutation]
107314 | D:13     | Lost mutation: You are very dopey. (Int -4) [potion of mutation]
107314 | D:13     | Lost mutation: You expend magic power (3 MP) to strengthen your wands. [potion of mutation]
107314 | D:13     | Lost mutation: You are dopey. (Int -2) [potion of mutation]
107314 | D:13     | Gained mutation: You expend magic power (3 MP) to strengthen your wands. [potion of mutation]
107314 | D:13     | Gained mutation: Your spells are a little harder to cast, but a little more powerful. [potion of mutation]
107315 | D:13     | Lost mutation: Your spells are a little harder to cast, but a little more powerful. [potion of mutation]
107315 | D:13     | Gained mutation: You have a somewhat thin skeletal structure. (Dex +2, Stealth) [potion of mutation]
107315 | D:13     | Gained mutation: You have sharp toenails. [potion of mutation]
107315 | D:13     | Gained mutation: You passively map a small area around you. [potion of mutation]
107489 | D:4      | Noticed Ykaick the pandemonium lord
107662 | D:$      | Escaped with the Orb!

Skill      XL: |  1  2  3  4  5  6  7  8  9 10 11 12 13 14 15 16 17 18 19 20 21 22 23 24 25 |
---------------+----------------------------------------------------------------------------+-----
Fighting       | 1 2 3 4 5 6 8 10 11 12 13 | 13.0
Stealth        | 5 6 7 8 9 10 11 13 14 16 17 18 20 22 26 | 26.2
Hexes          | 4 5 6 7 8 9 11 12 | 12.0
Spellcasting   | 3 4 5 7 8 9 10 12 15 17 18 19 20 | 20.0
Ice Magic      | 1 2 |  2.0
Short Blades   | 2 3 4 5 6 7 10 | 10.0
Dodging        | 4 6 9 10 12 13 14 15 17 18 19 21 24 | 24.6
Translocations | 2 3 |  3.0
Evocations     | 4 6 7 8 9 10 11 13 14 19 21 23 | 23.1
Poison Magic   | 1 |  1.0
Air Magic      | 1 3 4 6 |  6.0
Conjurations   | 2 |  2.0
Fire Magic     | 1 |  1.0
Summonings     | 1 3 5 7 11 12 13 14 15 | 15.0
Charms         | 2 9 12 | 12.0
Transmutations | 3 |  3.0
Earth Magic    | 1 |  1.0
Armour         | 2 6 |  6.6

Action                   |  1- 3 |  4- 6 |  7- 9 | 10-12 | 13-15 | 16-18 | 19-21 | 22-24 | 25-27 || total
-------------------------+-------+-------+-------+-------+-------+-------+-------+-------+-------++-------
Melee: Dagger            |    78 |   124 |   464 |   480 |   886 |  1059 |  1148 |   989 |     6 ||  5234
       Hand axe          |       |       |       |       |     5 |       |       |       |       ||     5
Throw: Tomahawk          |    16 |    17 |     8 |       |     1 |       |       |       |       ||    42
       Stone             |     3 |     1 |       |       |       |       |       |       |       ||     4
 Cast: Corona            |    20 |       |       |       |       |       |       |       |       ||    20
       Ensorcelled Hiber |    37 |    43 |    77 |   201 |   270 |   218 |   129 |     2 |       ||   977
       Confuse           |     3 |    29 |    73 |   108 |   233 |   294 |   183 |    83 |     1 ||  1007
       Dazzling Spray    |       |     1 |       |       |       |       |       |       |       ||     1
       Tukima's Dance    |       |       |     6 |     6 |     5 |     6 |       |       |       ||    23
       Mephitic Cloud    |       |       |       |     4 |    28 |    13 |    15 |     9 |       ||    69
       Blink             |       |       |       |     4 |     8 |     2 |     4 |     3 |       ||    21
       Summon Lightning  |       |       |       |    18 |    44 |    53 |    30 |    35 |     3 ||   183
       Summon Ice Beast  |       |       |       |    18 |   123 |   221 |    21 |       |       ||   383
       Regeneration      |       |       |       |       |    14 |    12 |    12 |     9 |     5 ||    52
       Shadow Creatures  |       |       |       |       |    45 |    87 |   278 |   372 |    10 ||   792
       Deflect Missiles  |       |       |       |       |     1 |     7 |     5 |     1 |       ||    14
       Passwall          |       |       |       |       |       |     3 |     3 |     2 |    10 ||    18
       Invisibility      |       |       |       |       |       |    13 |    31 |    39 |     2 ||    85
       Yara's Violent Un |       |       |       |       |       |     1 |     6 |       |     1 ||     8
       Apportation       |       |       |       |       |       |       |     2 |    24 |    11 ||    37
       Darkness          |       |       |       |       |       |       |     1 |       |       ||     1
       Summon Hydra      |       |       |       |       |       |       |       |     6 |       ||     6
Invok: Call Merchant     |       |       |       |       |       |       |     1 |     2 |       ||     3
       Potion Petition   |       |       |       |       |       |       |       |     2 |       ||     2
       Bribe Branch      |       |       |       |       |       |       |       |     1 |     3 ||     4
 Abil: Evoke Flight      |       |       |       |       |       |    35 |       |       |       ||    35
       Stop Flying       |       |       |       |       |       |     1 |       |       |       ||     1
Evoke: Wand              |       |    11 |     1 |     2 |    29 |    37 |    13 |    27 |     1 ||   121
       Phial of floods   |       |       |       |       |     2 |     1 |     3 |     2 |       ||     8
       Box of beasts     |       |       |       |       |       |     1 |       |       |       ||     1
       Lightning rod     |       |       |       |       |       |       |     1 |     7 |       ||     8
       Lamp of fire      |       |       |       |       |       |       |       |     1 |       ||     1
       Staff of energy   |       |       |       |       |       |       |       |    63 |    15 ||    78
  Use: Scroll            |     7 |     1 |     3 |    14 |    20 |    11 |    12 |    13 |       ||    81
       Potion            |       |       |       |       |     5 |     5 |     3 |    10 |     7 ||    30
 Stab: Sleeping          |    29 |    17 |    54 |   109 |   198 |   133 |   110 |    50 |       ||   700
       Confused          |       |    12 |    42 |    57 |   135 |   161 |   118 |    48 |     2 ||   575
       Distracted        |       |       |     4 |     2 |     4 |    10 |    17 |    15 |       ||    52
       Invisible         |       |       |       |       |     3 |    35 |   109 |   182 |     2 ||   331
       Paralysed         |       |       |       |       |     2 |       |     3 |     2 |       ||     7
       Held in net/web   |       |       |       |       |       |       |       |     2 |       ||     2
  Eat: Ration            |     2 |     3 |     6 |     6 |    21 |    24 |    25 |    35 |     6 ||   128
Armor: Robe              |    11 |       |       |       |    21 |    28 |    27 |       |       ||    87
       Animal skin       |     2 |    16 |    24 |    13 |     1 |       |       |       |       ||    56
       Acid dragon scale |       |       |       |       |       |       |    21 |    66 |     4 ||    91
Dodge: Dodged            |    69 |    70 |   208 |   302 |   528 |   580 |   573 |   681 |    35 ||  3046
       Deflected         |       |       |       |       |     1 |    60 |    27 |    25 |       ||   113
